 Dungeon Crawl Stone Soup version 0.27-a0-1184-ge86db4a01e (webtiles) character file.

Game seed: 11942734936651651742

32 wakim the Sneak (level 3, 0/21 HPs)
             Began as a Kobold Brigand on May 18, 2021.
             Slain by a gnoll
             ... wielding a +0 whip
              (5 damage)
             ... on level 1 of the Dungeon.
             The game lasted 00:03:13 (1790 turns).

wakim the Sneak (Kobold Brigand)                    Turns: 1790, Time: 00:03:13

Health: 0/21       AC:  5    Str:  8    XL:     3   Next: 45%
Magic:  3/3        EV: 15    Int: 12    God:
Gold:   74         SH:  0    Dex: 17    Spells: 2/2 levels left

rFire    . . .     SeeInvis .   a - +2 dagger
rCold    . . .     Faith    .   (shield restricted)
rNeg     . . .     Spirit   .   b - +0 robe
rPois    .         Reflect  .   m - +2 hat
rElec    .         Harm     .   c - +0 cloak
rCorr    .         Rampage  .   (no gloves)
Will     .....                  (no boots)
Stlth    ++++......             (no amulet)
HPRegen  0.07/turn              (no ring)
MPRegen  0.08/turn              (no ring)

@: no status effects
A: small, no large weapons, nightstalker 3
a: no special abilities


You were on level 1 of the Dungeon.
You visited 1 branch of the dungeon, and saw 2 of its levels.

You collected 74 gold pieces.

Inventory:

Hand Weapons
 a - a +2 dagger (weapon)
 f - a +0 dagger of protection
Missiles
 d - 21 poisoned darts (quivered)
 e - 2 curare-tipped darts {=f}
Armour
 b - a +0 robe (worn)
 c - a +0 cloak (worn)
 m - a +2 hat (worn)
Potions
 g - 2 potions of curing {unknown}
 h - a potion of degeneration {unknown}
 j - a potion of lignification {unknown}
 k - a potion of mutation {unknown}
 l - a potion of brilliance {unknown}


   Skills:
 - Level 2.1 Fighting
 * Level 3.6 Short Blades
 - Level 2.1 Throwing
 * Level 2.5 Dodging
 + Level 5.6 Stealth


You had 2 spell levels left.
You didn't know any spells.
Your spell library was empty.

Dungeon Overview and Level Annotations

Branches:
Dungeon (2/15)

Altars:

Shops:
D:1 [


Innate Abilities, Weirdness & Mutations

You are small and have problems with some larger weapons.
You are completely attuned to the shadows.


Message History

The bat barely misses you.
You hit the bat.
You kill the bat!
The bat misses you.
You hit the bat.
You kill the bat!
You hit the gnoll but do no damage. The gnoll hits you with a +0 whip.
You hit the gnoll.
The gnoll is lightly wounded.
The gnoll hits you but does no damage.
You hit the gnoll.
The gnoll is moderately wounded.
The gnoll barely misses you.
You barely miss the gnoll.
The gnoll is moderately wounded.
The gnoll barely misses you.
You hit the gnoll.
The gnoll is heavily wounded.
You barely miss the gnoll.
The gnoll is heavily wounded.
The gnoll misses you.
You closely miss the gnoll.
The gnoll is heavily wounded.
The gnoll hits you but does no damage.
You hit the gnoll.
The gnoll is severely wounded.
The gnoll hits you with a +0 whip!
* * * LOW HITPOINT WARNING * * *
The gnoll hits you with a +0 whip.
* * * LOW HITPOINT WARNING * * *
You climb upwards.
There is a stone staircase leading down here.
Throw: 22 darts (poison)
Press: ? - help, Q - select action, (/) - cycle Shift-Dir - straight line, f - gnoll
Aim: a gnoll, wielding a +0 whip (heavily wounded, 65% to hit)
You throw a poisoned dart. The poisoned dart hits the gnoll.
The gnoll is poisoned.
The gnoll is heavily wounded.
The gnoll hits you with a +0 whip.
You die...

#.#.#(#.....#####....#
#.#
.........#....#...#.##
#)# .#.#.#.#.#..#.#.###.#
#.# .........#..#.......#
#.# #.#(#.#.#...##.#.####
#.# ............##.#.##
#####.#
.#.#.#.#.#.....∩..###
#.....#
................#...#
#.#####
#.#.#.#.#.#.###.@.#.# #.#
...........## ##g##.# #.#
.#.#.#.#.#.#####.##.# #.#
............##......# #.#
#.#.#.#.#...#.......###.#
.........#..#......÷÷÷..#
.#.#.#.#.#..#.....>.#####
.........#..........#
#.#.#.#.............#


You could see a gnoll (poisoned).

Vanquished Creatures
  An adder (D:2)
  3 endoplasms
  2 hobgoblins (D:1)
  6 jackals (D:1)
  A kobold (D:2)
  A ball python (D:1)
  4 bats
  3 frilled lizards
  A goblin (D:1)
22 creatures vanquished.

Notes
Turn   | Place    | Note
-------+----------+-------------------------------------------
     0 | D:1      | wakim the Kobold Brigand began the quest for the Orb.
     0 | D:1      | Reached XP level 1. HP: 12/12 MP: 1/1
   219 | D:1      | Reached XP level 2. HP: 6/17 MP: 2/2
   434 | D:1      | Found Duir's Antique Armour Shop.
  1404 | D:2      | Reached XP level 3. HP: 18/21 MP: 3/3
  1790 | D:1      | Slain by a gnoll

Illustrated notes

Levels and vault maps discovered:
D:1:      dpeg_arrival_shrine, layout_loops_ring, serial_shops, shop, hex_large,
          minmay_misc_feat_enclosed
D:2:      layout_loops_ring, minmay_goblin_outpost

Skill      XL: |  1  2 |
---------------+-------+-----
Short Blades   | 3 |  3.6
Dodging        | 2 |  2.5
Fighting       | |  2.1
Throwing       | |  2.1
Stealth        | |  5.6

Action                   || total
-------------------------++-------
Melee: Dagger            ||    87
Throw: Dart              ||     1
 Stab: Sleeping          ||     5
       Distracted        ||     1
Armor: Robe              ||    35
Dodge: Dodged            ||   104

Table legend: (Time is in decaauts)
 A = Elapsed time spent in this place.
 B = Non-inter-level travel time spent in this place.
 C = Inter-level travel time spent in this place.
 D = Time resting spent in this place.
 E = Time spent auto-exploring this place.
 F = Levels seen in this place.
 G = Mean time per level.
                   A        B        C        D        E       F      G
               +--------+--------+--------+--------+--------+-----+--------+
         Total |   1781 |   1737 |     44 |    374 |   1132 |   2 |  890.5 |
       Dungeon |   1781 |   1737 |     44 |    374 |   1132 |   2 |  890.5 |
               +--------+--------+--------+--------+--------+-----+--------+

Top non-repeatable levels by time:
     D:1: 1482 daAuts
     D:2: 298 daAuts
